[ PARTIDA AOE2 · #473459824 ]
UnrankedAztecas vs Poles
Equipo del jugador · VICT
Equipo rival · DERR
[ ANÁLISIS DE REPETICIÓN · EXTRAÍDO DE LA PARTIDA GRABADA ]
Feudal
10:33
Castillos
24:35
Imperial
—
| APM promedio | 67.0 |
| APM pico | 102 |
| eAPM promedio | 27.2 |
| Aldeanos / militares | 83 / 36 |
Foco
⚔️ 42.9% · 🌾 57.1%
Eagle Scout ×12 · Skirmisher ×10 · Militia ×6 · Monk ×4 · Jaguar Warrior ×3 · Archer ×1
Feudal
9:00
Castillos
21:13
Imperial
—
| APM promedio | 54.4 |
| APM pico | 92 |
| eAPM promedio | 24.1 |
| Aldeanos / militares | 62 / 10 |
Foco
⚔️ 40.9% · 🌾 59.1%
Skirmisher ×7 · Archer ×3
Mapa de la partida
Recursos iniciales + cada clic de construcción. Líneas = muros · curvas = relieve. ◆ oro · ⬟ piedra · ● bayas · ✦ reliquia · ◌ hueco del cierre
Tu base· Abierta — hueco de 3t
Base de vidar· Abierta — hueco de 4t
Terreno inicial suavizado · ◌ = hueco del cierre detectado · pasá el cursor para detalles
Inputs por minuto
— yo soy rebelde - - vidar
Build order — yo soy rebelde
Primeras 150 de 238 acciones detectadas
| 0:00 | Crear | Villager (Male) |
| 0:01 | Crear | Villager (Male) |
| 0:01 | Crear | Villager (Male) |
| 0:02 | Construir | House |
| 0:04 | Construir | House |
| 0:13 | Crear | Villager (Male) |
| 0:13 | Crear | Villager (Male) |
| 1:24 | Crear | Villager (Male) |
| 1:24 | Crear | Villager (Male) |
| 1:53 | Crear | Villager (Male) |
| 1:53 | Crear | Villager (Male) |
| 1:55 | Construir | Lumber Camp |
| 2:12 | Crear | Villager (Male) |
| 2:12 | Crear | Villager (Male) |
| 2:47 | Crear | Villager (Male) |
| 2:48 | Crear | Villager (Male) |
| 3:02 | Crear | Villager (Male) |
| 3:02 | Crear | Villager (Male) |
| 3:02 | Crear | Villager (Male) |
| 3:32 | Crear | Villager (Male) |
| 4:05 | Construir | House |
| 4:10 | Crear | Villager (Male) |
| 4:10 | Crear | Villager (Male) |
| 4:37 | Crear | Villager (Male) |
| 4:46 | Construir | Barracks |
| 4:48 | Crear | Villager (Male) |
| 4:48 | Crear | Villager (Male) |
| 4:51 | Crear | Villager (Male) |
| 4:59 | Construir | House |
| 5:12 | Crear | Villager (Male) |
| 5:13 | Crear | Villager (Male) |
| 5:41 | Crear | Militia |
| 5:41 | Crear | Militia |
| 5:59 | Crear | Militia |
| 6:02 | Crear | Villager (Male) |
| 6:03 | Construir | Mill |
| 6:18 | Crear | Militia |
| 6:36 | Crear | Villager (Male) |
| 7:00 | Crear | Villager (Male) |
| 7:00 | Investigar | Loom |
| 7:03 | Construir | House |
| 7:57 | Crear | Villager (Male) |
| 8:23 | Investigar | Feudal Age |
| 8:24 | Investigar | Feudal Age |
| 8:24 | Investigar | Feudal Age |
| 8:34 | Crear | Militia |
| 8:38 | Construir | Mining Camp |
| 8:52 | Crear | Militia |
| 8:59 | Construir | House |
| 9:40 | Crear | Villager (Male) |
| 9:55 | Crear | Villager (Male) |
| 9:57 | Construir | Palisade Wall |
| 10:30 | Crear | Villager (Male) |
| 10:33 | Edad | Edad Feudal |
| 10:36 | Investigar | Man-at-Arms (upgrade) |
| 10:37 | Investigar | Double-Bit Axe |
| 10:52 | Crear | Villager (Male) |
| 10:56 | Construir | Archery Range |
| 11:05 | Construir | Palisade Wall |
| 11:06 | Construir | House |
| 11:11 | Crear | Villager (Male) |
| 11:24 | Construir | Palisade Wall |
| 11:28 | Crear | Villager (Male) |
| 11:33 | Crear | Villager (Male) |
| 11:35 | Construir | Palisade Wall |
| 11:41 | Crear | Villager (Male) |
| 11:45 | Construir | Farm |
| 11:46 | Construir | Farm |
| 11:52 | Construir | Palisade Wall |
| 11:54 | Construir | Palisade Wall |
| 11:55 | Construir | Palisade Wall |
| 11:56 | Construir | Palisade Wall |
| 12:01 | Crear | Eagle Scout |
| 12:14 | Crear | Eagle Scout |
| 12:16 | Crear | Skirmisher |
| 12:21 | Construir | Farm |
| 12:30 | Construir | Farm |
| 12:42 | Crear | Skirmisher |
| 12:57 | Crear | Villager (Male) |
| 13:01 | Construir | Farm |
| 13:01 | Construir | Farm |
| 13:12 | Crear | Villager (Male) |
| 13:18 | Construir | Farm |
| 13:22 | Construir | House |
| 13:26 | Construir | House |
| 13:35 | Crear | Villager (Male) |
| 13:37 | Crear | Skirmisher |
| 13:37 | Crear | Skirmisher |
| 13:49 | Construir | Farm |
| 13:51 | Crear | Villager (Male) |
| 13:55 | Crear | Villager (Male) |
| 14:12 | Crear | Villager (Male) |
| 14:14 | Crear | Villager (Male) |
| 14:22 | Crear | Villager (Male) |
| 14:27 | Construir | Blacksmith |
| 14:32 | Crear | Villager (Male) |
| 14:41 | Crear | Skirmisher |
| 14:44 | Crear | Eagle Scout |
| 14:45 | Crear | Skirmisher |
| 14:51 | Construir | Palisade Gate |
| 14:52 | Construir | Palisade Wall |
| 15:02 | Construir | Watch Tower |
| 15:08 | Crear | Skirmisher |
| 15:09 | Crear | Villager (Male) |
| 15:17 | Investigar | Arson |
| 15:18 | Investigar | Arson |
| 15:24 | Construir | House |
| 15:27 | Investigar | Scale Mail Armor |
| 15:35 | Construir | Stone Wall |
| 15:36 | Construir | Stone Wall |
| 15:36 | Construir | Stone Wall |
| 15:42 | Construir | House |
| 15:47 | Crear | Villager (Male) |
| 15:57 | Crear | Skirmisher |
| 15:58 | Crear | Archer |
| 16:01 | Construir | House |
| 16:05 | Construir | Palisade Wall |
| 16:05 | Construir | Palisade Wall |
| 16:06 | Construir | Palisade Wall |
| 16:15 | Construir | Lumber Camp |
| 16:21 | Crear | Villager (Male) |
| 16:27 | Crear | Skirmisher |
| 16:29 | Investigar | Fletching |
| 16:31 | Construir | Farm |
| 16:32 | Construir | Farm |
| 16:33 | Crear | Eagle Scout |
| 16:42 | Construir | Farm |
| 16:43 | Crear | Villager (Male) |
| 16:51 | Crear | Skirmisher |
| 16:52 | Crear | Villager (Male) |
| 17:11 | Crear | Villager (Male) |
| 17:35 | Crear | Villager (Male) |
| 17:40 | Crear | Villager (Male) |
| 17:42 | Construir | Farm |
| 17:42 | Construir | Farm |
| 17:48 | Construir | Market |
| 17:57 | Crear | Eagle Scout |
| 18:07 | Crear | Villager (Male) |
| 18:16 | Crear | Villager (Male) |
| 18:22 | Crear | Villager (Male) |
| 18:45 | Construir | Farm |
| 18:45 | Construir | Farm |
| 18:46 | Construir | Farm |
| 18:46 | Construir | Farm |
| 19:07 | Crear | Villager (Male) |
| 19:12 | Construir | Farm |
| 19:13 | Construir | Farm |
| 19:35 | Construir | Farm |
| 19:36 | Construir | Farm |
| 19:36 | Construir | Farm |
Build order — vidar
145 acciones detectadas en el replay
| 0:01 | Crear | Villager (Male) |
| 0:01 | Crear | Villager (Male) |
| 0:02 | Construir | House |
| 0:03 | Construir | House |
| 0:08 | Crear | Villager (Male) |
| 0:18 | Crear | Villager (Male) |
| 1:24 | Crear | Villager (Male) |
| 1:50 | Construir | Lumber Camp |
| 1:54 | Crear | Villager (Male) |
| 2:06 | Crear | Villager (Male) |
| 2:55 | Crear | Villager (Male) |
| 2:57 | Crear | Villager (Male) |
| 3:40 | Crear | Villager (Male) |
| 4:05 | Crear | Villager (Male) |
| 4:07 | Construir | Mill |
| 4:33 | Crear | Villager (Male) |
| 4:54 | Crear | Villager (Male) |
| 5:23 | Crear | Villager (Male) |
| 5:57 | Crear | Villager (Male) |
| 6:16 | Investigar | Loom |
| 6:50 | Investigar | Feudal Age |
| 7:46 | Construir | House |
| 7:53 | Construir | Palisade Wall |
| 7:56 | Construir | Palisade Gate |
| 8:05 | Construir | House |
| 8:22 | Construir | Barracks |
| 8:27 | Crear | Villager (Male) |
| 9:00 | Edad | Edad Feudal |
| 9:00 | Construir | Palisade Wall |
| 9:02 | Crear | Villager (Male) |
| 9:09 | Construir | Archery Range |
| 9:16 | Investigar | Double-Bit Axe |
| 9:16 | Crear | Villager (Male) |
| 9:26 | Crear | Villager (Male) |
| 9:41 | Crear | Villager (Male) |
| 9:51 | Construir | House |
| 9:55 | Crear | Archer |
| 10:00 | Crear | Villager (Male) |
| 10:05 | Construir | Mining Camp |
| 10:10 | Crear | Villager (Male) |
| 10:28 | Crear | Skirmisher |
| 10:36 | Crear | Villager (Male) |
| 10:40 | Construir | Palisade Wall |
| 10:41 | Construir | Palisade Wall |
| 10:41 | Construir | Palisade Wall |
| 10:43 | Construir | Palisade Wall |
| 10:48 | Crear | Skirmisher |
| 11:06 | Construir | Palisade Wall |
| 11:07 | Construir | Palisade Wall |
| 11:12 | Crear | Villager (Male) |
| 11:13 | Crear | Skirmisher |
| 11:22 | Construir | House |
| 11:35 | Construir | Mill |
| 11:36 | Crear | Villager (Male) |
| 11:47 | Crear | Villager (Male) |
| 11:55 | Crear | Archer |
| 12:10 | Construir | Farm |
| 12:15 | Construir | Farm |
| 12:20 | Construir | Farm |
| 12:27 | Construir | Farm |
| 12:32 | Crear | Villager (Male) |
| 12:36 | Construir | Palisade Wall |
| 12:47 | Construir | Farm |
| 12:51 | Construir | Farm |
| 12:52 | Crear | Villager (Male) |
| 12:54 | Crear | Skirmisher |
| 13:01 | Construir | Farm |
| 13:12 | Construir | Farm |
| 13:13 | Crear | Villager (Male) |
| 13:36 | Construir | Farm |
| 13:37 | Crear | Villager (Male) |
| 13:43 | Construir | Farm |
| 13:51 | Construir | Farm |
| 13:52 | Crear | Villager (Male) |
| 14:19 | Construir | Watch Tower |
| 14:20 | Crear | Villager (Male) |
| 14:29 | Construir | Palisade Wall |
| 14:34 | Crear | Villager (Male) |
| 14:37 | Construir | Blacksmith |
| 14:52 | Crear | Skirmisher |
| 14:55 | Crear | Villager (Male) |
| 14:57 | Construir | House |
| 15:33 | Investigar | Fletching |
| 15:36 | Construir | House |
| 15:41 | Construir | Mining Camp |
| 15:41 | Crear | Villager (Male) |
| 15:46 | Construir | Palisade Wall |
| 15:57 | Crear | Skirmisher |
| 16:21 | Crear | Skirmisher |
| 16:26 | Construir | Farm |
| 16:30 | Construir | Farm |
| 16:58 | Construir | Mill |
| 17:31 | Construir | Palisade Gate |
| 18:21 | Construir | Watch Tower |
| 18:33 | Investigar | Castle Age |
| 20:02 | Crear | Villager (Male) |
| 20:31 | Construir | Palisade Wall |
| 20:33 | Construir | Palisade Wall |
| 21:13 | Edad | Edad de los Castillos |
| 21:23 | Crear | Villager (Male) |
| 21:35 | Crear | Villager (Male) |
| 21:41 | Crear | Villager (Male) |
| 21:54 | Crear | Villager (Male) |
| 22:30 | Construir | House |
| 22:45 | Construir | House |
| 23:10 | Crear | Villager (Male) |
| 23:16 | Crear | Villager (Male) |
| 23:17 | Crear | Villager (Male) |
| 23:37 | Crear | Villager (Male) |
| 23:39 | Crear | Villager (Male) |
| 24:00 | Crear | Villager (Male) |
| 24:18 | Crear | Villager (Male) |
| 25:00 | Crear | Villager (Male) |
| 25:16 | Crear | Villager (Male) |
| 25:26 | Construir | Farm |
| 25:26 | Construir | Farm |
| 25:27 | Crear | Villager (Male) |
| 25:48 | Crear | Villager (Male) |
| 25:48 | Crear | Villager (Male) |
| 26:07 | Crear | Villager (Male) |
| 26:09 | Crear | Villager (Male) |
| 26:09 | Crear | Villager (Male) |
| 26:50 | Construir | Blacksmith |
| 26:55 | Crear | Villager (Male) |
| 26:58 | Construir | Farm |
| 27:16 | Investigar | Bodkin Arrow |
| 27:21 | Construir | Farm |
| 27:36 | Construir | Farm |
| 27:45 | Crear | Villager (Male) |
| 28:03 | Crear | Villager (Male) |
| 28:17 | Crear | Villager (Male) |
| 28:19 | Construir | Farm |
| 28:19 | Construir | Farm |
| 28:37 | Construir | Palisade Wall |
| 28:38 | Construir | Palisade Wall |
| 28:38 | Construir | Palisade Wall |
| 28:45 | Construir | Farm |
| 28:47 | Construir | Farm |
| 29:03 | Construir | Palisade Gate |
| 29:07 | Crear | Villager (Male) |
| 29:15 | Construir | Watch Tower |
| 29:29 | Crear | Villager (Male) |
| 29:37 | Crear | Archer |
| 30:00 | Crear | Villager (Male) |
| 30:06 | Construir | Palisade Gate |
Cronología de la partida
| 4:46 | yo soy rebelde · first_building Barracks |
| 7:53 | vidar · wall_segment Palisade Wall x1 |
| 8:22 | vidar · first_building Barracks |
| 9:00 | vidar · age_up feudal |
| 9:00 | vidar · wall_segment Palisade Wall x5 |
| 9:09 | vidar · first_building Archery Range |
| 9:57 | yo soy rebelde · wall_segment Palisade Wall x8 |
| 10:33 | yo soy rebelde · age_up feudal |
| 10:40 | vidar · wall_segment Palisade Wall x1 |
| 10:41 | vidar · wall_segment Palisade Wall x1 |
| 10:41 | vidar · wall_segment Palisade Wall x1 |
| 10:43 | vidar · wall_segment Palisade Wall x1 |
| 10:56 | yo soy rebelde · first_building Archery Range |
| 11:05 | yo soy rebelde · wall_segment Palisade Wall x1 |
| 11:06 | vidar · wall_segment Palisade Wall x11 |
| 11:07 | vidar · wall_segment Palisade Wall x1 |
| 11:24 | yo soy rebelde · wall_segment Palisade Wall x5 |
| 11:35 | yo soy rebelde · wall_segment Palisade Wall x6 |
| 11:52 | yo soy rebelde · wall_segment Palisade Wall x5 |
| 11:54 | yo soy rebelde · wall_segment Palisade Wall x2 |
| 11:55 | yo soy rebelde · wall_segment Palisade Wall x13 |
| 11:56 | yo soy rebelde · wall_segment Palisade Wall x2 |
| 12:36 | vidar · wall_segment Palisade Wall x1 |
| 14:29 | vidar · wall_segment Palisade Wall x10 |
| 14:52 | yo soy rebelde · wall_segment Palisade Wall x1 |
| 15:35 | yo soy rebelde · wall_segment Stone Wall x1 |
| 15:36 | yo soy rebelde · wall_segment Stone Wall x1 |
| 15:36 | yo soy rebelde · wall_segment Stone Wall x1 |
| 15:46 | vidar · wall_segment Palisade Wall x7 |
| 16:05 | yo soy rebelde · wall_segment Palisade Wall x1 |
| 16:05 | yo soy rebelde · wall_segment Palisade Wall x1 |
| 16:06 | yo soy rebelde · wall_segment Palisade Wall x1 |
| 19:44 | yo soy rebelde · first_market_buy 100 food |
| 20:08 | yo soy rebelde · wall_segment Palisade Wall x1 |
| 20:15 | yo soy rebelde · wall_segment Palisade Wall x1 |
| 20:31 | vidar · wall_segment Palisade Wall x1 |
| 20:33 | vidar · wall_segment Palisade Wall x1 |
| 21:13 | vidar · age_up castle |
| 22:33 | yo soy rebelde · wall_segment Stone Wall x1 |
| 22:34 | yo soy rebelde · wall_segment Stone Wall x1 |
| 22:37 | yo soy rebelde · wall_segment Stone Wall x1 |
| 22:51 | yo soy rebelde · wall_segment Stone Wall x1 |
| 22:52 | yo soy rebelde · wall_segment Stone Wall x1 |
| 22:55 | yo soy rebelde · wall_segment Stone Wall x1 |
| 24:24 | yo soy rebelde · wall_segment Stone Wall x1 |
| 24:35 | yo soy rebelde · age_up castle |
| 24:40 | yo soy rebelde · first_building Monastery |
| 26:10 | yo soy rebelde · wall_segment Stone Wall x1 |
| 26:13 | yo soy rebelde · wall_segment Stone Wall x1 |
| 26:58 | yo soy rebelde · first_market_sell 100 food |
| 28:22 | yo soy rebelde · wall_segment Stone Wall x2 |
| 28:23 | yo soy rebelde · wall_segment Stone Wall x1 |
| 28:23 | yo soy rebelde · wall_segment Stone Wall x1 |
| 28:24 | yo soy rebelde · wall_segment Stone Wall x1 |
| 28:24 | yo soy rebelde · wall_segment Stone Wall x1 |
| 28:25 | yo soy rebelde · wall_segment Stone Wall x1 |
| 28:25 | yo soy rebelde · wall_segment Stone Wall x1 |
| 28:37 | vidar · wall_segment Palisade Wall x9 |
| 28:38 | vidar · wall_segment Palisade Wall x1 |
| 28:38 | yo soy rebelde · first_building Castle |
| 28:38 | vidar · wall_segment Palisade Wall x1 |
| 30:26 | vidar · resign |
[ ANÁLISIS IA · 1 CRÉDITO ]
¿Qué pasó realmente en esta partida?
Wolo.gg analiza cada decisión: build order, eco, micro, errores típicos por bracket. Análisis personalizado por WhatsApp o Discord en 30 segundos.
Guía civ
Aztecas
Perfil
Jugador #24396944